 Dungeon Crawl Stone Soup version 0.21-a0-137-g951aa02 (webtiles) character file.

43 grendalor the Skirmisher (level 3, -7/29 HPs)
             Began as a Demonspawn Chaos Knight on July 18, 2017.
             Mangled by Crazy Yiuf
             ... wielding a +4 quarterstaff of chaos
              (9 damage)
             ... on level 2 of the Dungeon.
             The game lasted 00:09:31 (1044 turns).

grendalor the Skirmisher (Demonspawn Chaos Knight)  Turns: 1044, Time: 00:09:32

Health: -7/29      AC: 10    Str: 12    XL:     3   Next: 37%
Magic:  3/3        EV:  5    Int: 13    God:    Xom [...*..]
Gold:   122        SH:  0    Dex: 13    Spells: 2/2 levels left

rFire    + . .     SeeInvis .   a - +0 falchion (chaos)
rCold    + . .     Gourm    .   (no shield)
rNeg     . . .     Faith    .   f - +1 chain mail
rPois    .         Spirit   .   (no helmet)
rElec    .         Reflect  .   (no cloak)
rCorr    .         Harm     .   (no gloves)
MR       .....                  s - +0 pair of boots
Stlth    ..........             (no amulet)
HPRegen  0.09/turn              n - ring of protection from fire
MPRegen  0.08/turn              o - ring of protection from cold

@: lethally poisoned (-7 -> -14)
A: powered by pain 1
a: Renounce Religion


You were on level 2 of the Dungeon.
You worshipped Xom.
You were a favourite toy of Xom.
You were not hungry.

You visited 1 branch of the dungeon, and saw 2 of its levels.

You collected 122 gold pieces.

Inventory:

Hand Weapons
 a - a +0 falchion of chaos (weapon)
 e - a +0 dagger
 i - a +0 hunting sling
Missiles
 j - 47 stones (quivered)
 k - 18 bolts
Armour
 b - a +2 leather armour
 f - a +1 chain mail (worn)
 s - a +0 pair of boots (worn)
Jewellery
 n - a ring of protection from fire (left hand)
 o - a ring of protection from cold (right hand)
Scrolls
 g - a scroll of identify
Potions
 h - a potion of curing
 p - a potion of magic
Comestibles
 c - 3 bread rations
 d - a meat ration
 l - 2 chunks of flesh
 u - 2 fruits


   Skills:
 * Level 3.6 Fighting
 + Level 3.1 Long Blades
 + Level 2.2 Armour
 + Level 1.1 Dodging


You had 2 spell levels left.
You didn't know any spells.

Dungeon Overview and Level Annotations

Branches:
Dungeon (2/15)

Altars:

Annotations:
D:2 Crazy Yiuf


Innate Abilities, Weirdness & Mutations

You sometimes gain a little power by taking damage.


Message History

Crazy Yiuf hits you with a quarterstaff of chaos!
You are poisoned.
You hit Crazy Yiuf but do no damage.
Crazy Yiuf is poisoned.
You hear a distant rumble.
You feel sick.
Crazy Yiuf hits you with a quarterstaff of chaos!
* * * LOW HITPOINT WARNING * * *
Crazy Yiuf freezes you.
* * * LOW HITPOINT WARNING * * *
* * * LOW HITPOINT WARNING * * *
You feel sick. "Serve the mortal, my child!"
* * * LOW HITPOINT WARNING * * *
You feel sick.
Crazy Yiuf screams, "Announcement Orb Guardian sallow!"
* * * LOW HITPOINT WARNING * * *
You feel sick.
Crazy Yiuf whimpers, "Action koolooloo blue!"
Crazy Yiuf hits you with a quarterstaff of chaos!
You die...

+.....'..............
#.....######..#.....
#.....## ##.# ###.
###....# #.# #....#
#.## #P#.P# ####..#
.# ##P..# #...#.#
#.### ##.## #...#.##
#.... ##@#
#...#..###..# #g##
#####.......# ##.#
#.......# #5##
#.......## #'#
#####......... #...#
#...##'###.### #...#
#...##.....# #)..#
#...##..##.# #####
#...##..##.#


You could see Crazy Yiuf and a friendly iron imp.

Vanquished Creatures
  A worm (D:2)
  2 leopard geckos (D:1)
  5 goblins
  7 hobgoblins (D:1)
  8 jackals (D:1)
  5 kobolds
  2 bats (D:1)
  2 frilled lizards (D:1)
  2 fungi (D:2)
34 creatures vanquished.

Notes
Turn   | Place    | Note
-------+----------+-------------------------------------------
     0 | D:1      | grendalor the Demonspawn Chaos Knight began the quest for the Orb.
     0 | D:1      | Reached XP level 1. HP: 18/18 MP: 1/1
    73 | D:1      | XOM: divination: detect creatures
    87 | D:1      | Reached skill level 1 in Dodging
   117 | D:1      | Gained mutation: You sometimes gain a little power by taking damage. [demonic ancestry]
   117 | D:1      | Reached XP level 2. HP: 24/24 MP: 2/2
   363 | D:1      | XOM: divination: magic mapping
   402 | D:1      | Reached XP level 3. HP: 29/29 MP: 3/3
  1033 | D:2      | Found a runed door.
  1037 | D:2      | Noticed Crazy Yiuf
  1041 | D:2      | XOM: summons friendly iron imp
  1043 | D:2      | HP: 1/29 [poisoned by Crazy Yiuf]
  1044 | D:2      | Mangled by Crazy Yiuf

Vault maps used:
D:1:      mrwooster_arrival_statue, minmay_hexomino_u4
D:2:      first_bread, lemuel_tele_altar, uniq_crazy_yiuf_cottage

Skill      XL: |  1  2 |
---------------+-------+-----
Dodging        | 1 |  1.1
Long Blades    | 3 |  3.1
Armour         | 2 |  2.2
Fighting       | |  3.6

Action                   || total
-------------------------++-------
Melee: Falchion          ||   119
  Use: Scroll            ||     6
       Potion            ||     5
 Stab: Paralysed         ||     2
  Eat: Chunk             ||     1
Armor: Chain mail        ||    87
Dodge: Dodged            ||    44
       Rpst.: Falchion   ||    11
